 Dungeon Crawl Stone Soup version 0.29.1-12-g30fa7ad0bf (webtiles) character file.

Game seed: 15889237407802630497

124 Radix the Trooper (level 4, -4/42 HPs)
             Began as a Minotaur Berserker on Jan 10, 2023.
             Was a Believer of Trog.
             Slain by a gnoll
             ... wielding a +0 flail
              (10 damage)
             ... on level 3 of the Dungeon.
             The game lasted 00:05:27 (2193 turns).

Radix the Trooper (Minotaur Berserker)              Turns: 2193, Time: 00:05:28

Health: -4/42      AC:  6    Str: 23    XL:     4   Next: 81%
Magic:  3/3        EV: 10    Int:  4    God:    Trog [**....]
Gold:   101        SH:  0    Dex: 10    Spells: 3/3 levels left

rFire   . . .      SeeInvis .   a - +0 hand axe
rCold   . . .      Faith    .   (no shield)
rNeg    . . .      Spirit   .   e - +0 scale mail
rPois   .          Reflect  .   (helmet restricted)
rElec   .          Harm     .   (no cloak)
rCorr   .          Rampage  .   (no gloves)
Will    .....                   (no boots)
Stlth   ..........              (no amulet)
HPRegen 0.14/turn               (no ring)
MPRegen 0.08/turn               (no ring)

@: on berserk cooldown, slowed, very slow
A: horns 2, retaliatory headbutt
a: Renounce Religion, Berserk, Trog's Hand


You were on level 3 of the Dungeon.
You worshipped Trog.
Trog was pleased with you.
You visited 1 branch of the dungeon, and saw 3 of its levels.

You collected 101 gold pieces.

Inventory:

Hand Weapons
 a - a +0 hand axe (weapon)
Missiles
 b - 3 poisoned darts (quivered)
Armour
 d - a +0 leather armour
 e - a +0 scale mail (worn)
Wands
 i - a wand of roots (2)
Scrolls
 c - 2 scrolls of enchant armour {unknown}
 h - a scroll of butterflies {unknown}
 j - a scroll of identify {unknown}
Potions
 f - a potion of brilliance {unknown}
 g - a potion of attraction {unknown}
 k - 3 potions of haste {unknown}
 l - 2 potions of degeneration {unknown}


   Skills:
 + Level 5.4 Fighting
 + Level 5.4 Axes
 - Level 2.4 Armour
 - Level 2.1 Dodging


You had 3 spell levels left.
You didn't know any spells.
Your spell library was empty.

Dungeon Overview and Level Annotations

Branches:
Dungeon (3/15)

Altars:

Annotations:
D:3 3 runed translucent doors


Innate Abilities, Weirdness & Mutations

You have a pair of horns on your head.
You reflexively headbutt those who attack you in melee.


Message History

Found a runed translucent gate.
The gnoll shouts!
A gnoll comes into view. It is wielding a +0 club.
The endoplasm hits you.
The gnoll shouts!
You hit the endoplasm. You headbutt the endoplasm.
You kill the endoplasm!
Trog accepts your kill.
The gnoll throws a throwing net.
The throwing net hits you.
You become entangled in the net!
A gnoll comes into view. It is wielding a +0 flail.
A gnoll comes into view. It is wielding a +0 club.
The gnoll shouts!
A red film seems to cover your vision as you go berserk!
You feel yourself moving faster!
You feel mighty!
The gnoll hits you from afar with a +0 halberd of protection!
You struggle against the net.
You feel a strong urge to attack something.
You tear a large gash into the net.
The gnoll closely misses you.
You struggle against the net.
You feel your anger nearly subside. The gnoll barely misses you.
You rip the net and break free!
You are no longer berserk.
You are exhausted.
You feel yourself slow down.
The gnoll hits you from afar with a +0 halberd of protection.
The gnoll hits you with a +0 club.
You closely miss the gnoll.
The gnoll hits you but does no damage. x2
You hit the gnoll. You headbutt the gnoll!
You kill the gnoll!
Trog accepts your kill.
You hit the gnoll.
The gnoll hits you from afar with a +0 halberd of protection!
The gnoll hits you with a +0 club.
* * * LOW HITPOINT WARNING * * *
The gnoll hits you with a +0 club.
* * * LOW HITPOINT WARNING * * *
The gnoll hits you with a +0 flail!
You die...

#.##......#
######.##......####+++##
.....<..†)..............
.##.......##.#..........
.##.......##.#..........
..#.......##..........$.
..#.....................
................ggg.....
.####...........@# .#
#............#
.#######.#.......#
.#.....#.#.......#
.#.#...#.#.......#
.#.#...#.#.......#
.#.#...#.#.......#
##.#.............#
...#.............#


You could see 3 gnolls.

Vanquished Creatures
  A hound (D:2)
  Jessica (D:2)
  2 gnolls
  4 worms
  5 endoplasms
  A giant cockroach (D:1)
  4 hobgoblins
  7 kobolds
  2 quokkas (D:1)
  6 ball pythons
  3 bats
  A frilled lizard (D:1)
  7 goblins
  4 rats
48 creatures vanquished.

Notes
Turn   | Place    | Note
-------+----------+-------------------------------------------
     0 | D:1      | Radix the Minotaur Berserker began the quest for the Orb.
     0 | D:1      | Reached XP level 1. HP: 19/19 MP: 0/0
    31 | D:1      | Reached XP level 2. HP: 27/27 MP: 1/1
   161 | D:1      | Found a faded altar of an unknown god.
   489 | D:1      | Reached XP level 3. HP: 34/34 MP: 2/2
   917 | D:2      | Noticed Jessica
   928 | D:2      | HP: 1/52 [constriction (4)]
   931 | D:2      | Killed Jessica
   932 | D:2      | Reached skill level 5 in Fighting
   932 | D:2      | Reached skill level 5 in Axes
   932 | D:2      | Reached XP level 4. HP: 2/42 MP: 3/3
  1739 | D:2      | Reached ** piety under Trog
  2182 | D:3      | Found a runed translucent gate.
  2182 | D:3      | Found a runed translucent gate.
  2182 | D:3      | Found a runed translucent gate.
  2193 | D:3      | Slain by a gnoll

Illustrated notes

Levels and vault maps discovered:
D:1:      nzn_arrival_settlement, layout_loops_ring,
          chequers_ecumenical_altar_grove, hangedman_decor_clover_reticule,
          amcnicky_mini_corridor_feature
D:2:      layout_basic, guppyfry_early_lair_pool, uniq_jessica
D:3:      wander_river, layout_basic, gammafunk_ghost_cemetery, uniq_robin,
          uniq_natasha, uniq_terence

Skill      XL: |  1  2  3 |
---------------+----------+-----
Fighting       | 4 5 |  5.4
Axes           | 4 5 |  5.4
Armour         | |  2.4
Dodging        | |  2.1

Action                   |  1- 3 |  4- 6 || total
-------------------------+-------+-------++-------
Melee: Hand axe          |    56 |    42 ||    98
       Headbutt          |     4 |    13 ||    17
       Punch             |     1 |       ||     1
Invok: Berserk           |     2 |     1 ||     3
Armor: Leather armour    |     6 |       ||     6
       Scale mail        |    12 |    10 ||    22
       Animal skin       |     2 |       ||     2
Dodge: Dodged            |    42 |    23 ||    65
